 Dungeon Crawl Stone Soup version 0.20-a0-495-g2241292 (webtiles) character file.

65 nubinia the Digger (level 3, -6/16 HPs)
             Began as a Spriggan Earth Elementalist on Jan 18, 2017.
             Killed by divine providence
             ... invoked by an orc priest
              (16 damage)
             ... on level 3 of the Dungeon.
             The game lasted 00:09:44 (3521 turns).

nubinia the Digger (Spriggan Earth Elementalist)    Turns: 3521, Time: 00:09:45

Health: -6/16      AC:  2    Str:  4    XL:     3   Next: 94%
Magic:  6/9        EV: 19    Int: 17    God:
Gold:   110        SH:  0    Dex: 18    Spells: 3/9 levels left

rFire    + . .     SeeInvis +   p - +0 rapier
rCold    . . .     Gourm    .   c - +0 robe
rNeg     . . .     Faith    .   (shield restricted)
rPois    .         Spirit   .   (helmet restricted)
rElec    .         Reflect  .   (no cloak)
rCorr    .         Harm     .   (gloves unavailable)
MR       .....                  (boots unavailable)
Stlth    +++.......             (no amulet)
Regen    0.1/turn               q - +2 ring of dexterity
                                m - ring of protection from fire

@: very quick
A: unfitting armour, see invisible, herbivore 3, speed 3, slow metabolism 2
a: no special abilities


You were on level 3 of the Dungeon.
You were not hungry.

You visited 1 branch of the dungeon, and saw 3 of its levels.

You collected 110 gold pieces.

Inventory:

Hand Weapons
 h - a +0 dagger
 p - a +0 rapier (weapon)
Missiles
 b - 16 stones (quivered)
Armour
 c - a +0 robe (worn)
Jewellery
 m - a ring of protection from fire (left hand)
 q - a +2 ring of dexterity (right hand)
Scrolls
 f - a scroll of remove curse {unknown}
 i - a scroll of fear {unknown}
 k - a scroll of noise {unknown}
 l - a scroll of magic mapping {unknown}
 n - a scroll of teleportation {unknown}
Potions
 g - a potion of lignification {unknown}
 j - 3 potions of agility {unknown}
 o - 2 potions of curing
Books
 e - a book of Geomancy

   Spells                             Type                      Level
   a - Sandblast                      Earth                        1
   b - Passwall                       Transmutation/Earth          2
   c - Stone Arrow                    Conjuration/Earth            3
   d - Petrify                        Transmutation/Earth          4
   e - Lee's Rapid Deconstruction     Earth                        5
Comestibles
 d - 2 bread rations


   Skills:
 + Level 0.2 Fighting
 + Level 0.7 Short Blades
 + Level 3.2 Dodging
 + Level 3.2 Stealth
 + Level 3.6 Spellcasting
 + Level 1.3 Transmutations
 + Level 3.6 Earth Magic


You had 3 spell levels left.
You knew the following spells:

 Your Spells              Type           Power        Failure   Level  Hunger
a - Sandblast             Erth           ###...       3%          1    None
b - Stone Arrow           Conj/Erth      #.....       24%         3    ###....
p - Passwall              Tmut/Erth      ##........   12%         2    ##.....


Dungeon Overview and Level Annotations

Branches:
Dungeon (3/15)

Altars:

Annotations:
D:2 Terence


Innate Abilities, Weirdness & Mutations

You are very small and have problems with some larger weapons.
You are too small for most types of armour.
You have supernaturally acute eyesight. (SInv)
You are a herbivore.
You cover ground extremely quickly.
You need consume almost no food.


Message History

You miscast Sandblast.
Nothing appears to happen.
You see here a spear.
You feel sick.
You feel sick.
You feel sick.
You feel sick.
You are no longer poisoned.
Your magical contamination has completely faded away.
There is a stone staircase leading down here.
You climb downwards.
The gnoll misses you.
There is a stone staircase leading up here.
The gnoll misses you.
Found a stone staircase leading down. 2 orcs and an orc priest come into view.
The orc shouts! x2; The orc priest shouts!
A bat comes into view.
The orc priest mumbles some strange prayers to Beogh against you.
Beogh smites you!
Ouch! That really hurt!
You die...

#.######..#
#..........
#.#.####..
#.#.# #.#.#
#.#.# ####
#.#.##.....
#....oo.o..
#>@..b..##.
#.#.##..#
#.........#
######..#..
.# . #


You could see an orc priest, 2 orcs and a bat.

Vanquished Creatures
  An adder (D:2)
  An ooze (D:1)
  3 worms (D:2)
  3 dart slugs (D:1)
  A ball python (D:2)
  4 bats
  3 giant cockroaches (D:1)
  5 goblins
  4 hobgoblins
  5 kobolds
  A quokka (D:2)
  A frilled lizard (D:1)
  5 rats
37 creatures vanquished.

Notes
Turn   | Place    | Note
-------+----------+-------------------------------------------
     0 | D:1      | nubinia the Spriggan Earth Elementalist began the quest for the Orb.
     0 | D:1      | Reached XP level 1. HP: 9/9 MP: 5/5
   328 | D:1      | Reached XP level 2. HP: 13/13 MP: 4/7
   356 | D:1      | Learned a level 2 spell: Passwall
  1053 | D:1      | Reached XP level 3. HP: 8/16 MP: 8/8
  1709 | D:1      | Learned a level 3 spell: Stone Arrow
  2391 | D:2      | Noticed Terence
  3521 | D:3      | Killed from afar by an orc priest

Vault maps used:
D:1:      noname_arrival_rooms_in_the_neighbourhood
D:2:      grunt_decor_one_mirror, uniq_terence

Skill      XL: |  1 |
---------------+----+-----
Spellcasting   | 3 |  3.6
Earth Magic    | 3 |  3.6
Fighting       | |  0.2
Short Blades   | |  0.7
Dodging        | |  3.2
Stealth        | |  3.2
Transmutations | |  1.3

Action                   || total
-------------------------++-------
Melee: Dagger            ||   120
       Rapier            ||    32
 Cast: Sandblast         ||    41
       Stone Arrow       ||     5
 Stab: Sleeping          ||     1
  Eat: Royal jelly       ||     1
Armor: Robe              ||    22
Dodge: Dodged            ||   144
